 Dungeon Crawl Stone Soup version 0.27.0 (webtiles) character file.

Game seed: 83809957678528390

1550 tilp the Skirmisher (level 9, 0/74 HPs)
             Began as a Formicid Delver on July 31, 2021.
             Was a Believer of Okawaru.
             Slain by a gnoll (7 damage)
             ... on level 7 of the Dungeon.
             The game lasted 00:14:37 (8196 turns).

tilp the Skirmisher (Formicid Delver)               Turns: 8196, Time: 00:14:37

Health: 0/74       AC:  8    Str: 19    XL:     9   Next: 12%
Magic:  13/13      EV: 11    Int: 11    God:    Okawaru [**....]
Gold:   112        SH:  0    Dex: 12    Spells: 8/8 levels left

rFire    . . .     SeeInvis +   a - +1 hand axe
rCold    . . .     Faith    .   (no shield)
rNeg     . . .     Spirit   .   r - +2 ring mail {rPois}
rPois    +         Reflect  .   (helmet unavailable)
rElec    .         Harm     .   (no cloak)
rCorr    .         Rampage  .   q - +0 pair of gloves
Will     .....                  (no boots)
Stlth    ++........             (no amulet)
HPRegen  0.22/turn              (no ring)
MPRegen  0.13/turn              (no ring)

@: no status effects
A: permanent stasis, dig shafts and tunnels, antennae 3, four strong arms
a: Dig, Shaft Self, Renounce Religion, Heroism


You were on level 7 of the Dungeon.
You worshipped Okawaru.
Okawaru was pleased with you.
You visited 1 branch of the dungeon, and saw 7 of its levels.

You collected 328 gold pieces.
You spent 216 gold pieces at shops.

Inventory:

Hand Weapons
 a - a +1 hand axe (weapon)
Armour
 q - a +0 pair of gloves (worn)
 r - a +2 ring mail of poison resistance (worn)
Jewellery
 w - an amulet of guardian spirit
Wands
 b - a wand of mindburst (6)
 f - a wand of digging (3)
Scrolls
 c - a scroll of fog
 g - a scroll of fear
 h - a scroll of magic mapping
 p - 4 scrolls of enchant weapon
 t - 3 scrolls of noise
Potions
 d - a potion of resistance
 e - a potion of flight
 j - a potion of might
 l - a potion of heal wounds {unknown}
 m - 2 potions of ambrosia
 n - a potion of invisibility {unknown}
 o - 2 potions of brilliance
 s - a potion of attraction {unknown}
 u - a potion of mutation {unknown}


   Skills:
 + Level 7.8 Fighting
 - Level 6.0 Axes
 - Level 2.0 Dodging
 - Level 6.0 Stealth
 - Level 6.0 Invocations
 - Level 4.0 Evocations


You had 8 spell levels left.
You didn't know any spells.
Your spell library contained the following spells:

 Spells                   Type           Power      Damage    Failure   Level
 Gell's Gravitas          Tloc           0%         N/A       88%         3
 Ozocubu's Armour         Ice            0%         N/A       88%         3
 Teleport Other           Tloc           0%         N/A       88%         3
 Metabolic Englaciation   Hex/Ice        0%         N/A       100%        5
 Dispersal                Tloc           0%         N/A       100%        6
 Simulacrum               Ice/Necr       0%         N/A       100%        6
 Disjunction              Tloc           0%         N/A       100%        8


Dungeon Overview and Level Annotations

Branches:
Dungeon (7/15)             Temple (0/1) D:6

Altars:
Nemelex Xobeh
Okawaru
Zin

Shops:
D:1 :   D:2 [:

Annotations:
D:3 2ho!
D:5 1 runed translucent door, Crazy Yiuf


Innate Abilities, Weirdness & Mutations

You cannot be hasted, slowed, berserked, paralysed or teleported.
You can dig through walls and to a lower floor.
You have a pair of large antennae on your head. (SInv)
Your four strong arms can wield two-handed weapons with a shield.


Message History

The gnoll closely misses you.
The gnoll shaman hits you with a +0 whip.
* * * LOW HITPOINT WARNING * * *
The gnoll barely misses you.
You slash the gnoll shaman!
You kill the gnoll shaman!
Okawaru accepts your kill. The gnoll closely misses you.
The gnoll hits you but does no damage. The gnoll barely misses you.
Items here: ))) [ ††.
You hit the gnoll.
The gnoll is moderately wounded.
The gnoll hits you with a +0 spear.
* * * LOW HITPOINT WARNING * * *
You hit the gnoll.
The gnoll is heavily wounded.
The gnoll misses you. The gnoll hits you with a +0 spear.
* * * LOW HITPOINT WARNING * * *
You hit the gnoll.
The gnoll is severely wounded.
The gnoll hits you but does no damage.
You hit the gnoll but do no damage.
The gnoll is severely wounded.
The gnoll barely misses you. The gnoll hits you with a +0 spear.
* * * LOW HITPOINT WARNING * * *
You closely miss the gnoll.
The gnoll is severely wounded.
The gnoll closely misses you.
You hit the gnoll.
The gnoll is almost dead.
The gnoll hits you with a +0 spear.
* * * LOW HITPOINT WARNING * * *
The gnoll closely misses you.
You barely miss the gnoll.
The gnoll is almost dead.
The gnoll hits you with a +0 spear.
* * * LOW HITPOINT WARNING * * *
You feel better. The gnoll barely misses you.
The gnoll hits you with a +0 spear!
You die...

##.#.#######
#..........#
#........#.#
#..#####.#.#
#........#.###
#.####.......#
#........#.#.#
#<.........#.#
#..#...#.###@####
#..#.#.......g..#
.... ..#.###.##.#
#..#.....(......#
#..#####.###.#..####
..># #...........#
#... ####....#####
#....# #....#


You could see a gnoll (fast).

Vanquished Creatures
  Menkaure (D:5)
  A necrophage (D:6)
  2 ogres
  A phantom (D:6)
  A centaur (D:5)
  Blork the orc (D:5)
  A bullfrog (D:6)
  4 scorpions
  A water moccasin zombie (D:5)
  A wyvern skeleton (D:6)
  A vampire bat (D:3)
  2 orc priests (D:5)
  A bullfrog skeleton (D:4)
  A gnoll shaman (D:7)
  An iguana (D:5)
  2 orc wizards (D:3)
  A hound skeleton (D:4)
  12 adders
  2 gnolls (D:7)
  An ufetubus (D:6)
  4 worms
  A dart slug (D:4)
  3 fire bats (D:3)
  16 orcs
  A spectral bat (D:3)
  9 bats (D:3)
  3 bat skeletons (D:3)
  A bat zombie (D:3)
  5 endoplasms
  6 giant cockroaches
  A hobgoblin (D:2)
  7 jackals (D:4)
  5 quokkas
  3 ball pythons
  A bat simulacrum (D:3)
  2 frilled lizards
  10 goblins
  4 kobolds
  4 rats
124 creatures vanquished.

Vanquished Creatures (others)
  A spectral bat (D:3)
  13 plants (D:5)
14 creatures vanquished.

Grand Total: 138 creatures vanquished

Notes
Turn   | Place    | Note
-------+----------+-------------------------------------------
     0 | D:5      | tilp the Formicid Delver began the quest for the Orb.
     0 | D:5      | Reached XP level 1. HP: 18/18 MP: 1/1
   173 | D:3      | Reached skill level 4 in Fighting
   173 | D:3      | Reached XP level 2. HP: 25/25 MP: 2/2
   204 | D:3      | Found an iron altar of Okawaru.
   219 | D:3      | Became a worshipper of Warmaster Okawaru
   284 | D:2      | Found Gyguevaf's Book Boutique.
   781 | D:1      | Found Mutifunt's Book Boutique.
   837 | D:1      | Found a faded altar of an unknown god.
  1151 | D:2      | Reached XP level 3. HP: 30/30 MP: 3/3
  1192 | D:2      | Found Xicrozxeu's Armour Shoppe.
  1963 | D:2      | Reached XP level 4. HP: 34/37 MP: 4/4
  2767 | D:3      | Reached skill level 1 in Invocations
  2767 | D:3      | Reached XP level 5. HP: 42/42 MP: 5/5
  2899 | D:3      | Reached XP level 6. HP: 48/48 MP: 8/8
  3129 | D:3      | Reached skill level 1 in Evocations
  3252 | D:3      | Found a sparkling altar of Nemelex Xobeh.
  4414 | D:4      | Noticed a two-headed ogre
  4937 | D:5      | Noticed Menkaure
  4966 | D:5      | Reached XP level 7. HP: 35/54 MP: 10/10
  5181 | D:2      | Bought a +2 ring mail of poison resistance for 216 gold
                  | pieces
  5268 | D:5      | Reached * piety under Okawaru
  5428 | D:5      | Found a glowing silver altar of Zin.
  5431 | D:5      | Noticed Blork the orc
  6122 | D:5      | Found a runed translucent door.
  6123 | D:5      | Noticed Crazy Yiuf
  6193 | D:5      | Reached skill level 5 in Fighting
  6357 | D:5      | Reached skill level 5 in Axes
  6529 | D:5      | Reached XP level 8. HP: 54/63 MP: 11/11
  6541 | D:5      | Killed Blork the orc
  6750 | D:5      | Reached skill level 6 in Fighting
  6846 | D:5      | Killed Menkaure
  7235 | D:6      | Reached ** piety under Okawaru
  7274 | D:6      | Reached skill level 5 in Invocations
  7480 | D:6      | Reached skill level 7 in Fighting
  7644 | D:6      | Reached XP level 9. HP: 52/72 MP: 13/13
  7952 | D:6      | Found a staircase to the Ecumenical Temple.
  8195 | D:7      | HP: 2/74 [gnoll (5)]
  8196 | D:7      | Slain by a gnoll

Illustrated notes

Levels and vault maps discovered:
D:1:      minmay_arrival_pointy, layout_basic,
          shapermc_ecumenical_altar_mp_urbaneastern, serial_shops, shop
D:2:      layout_rooms, serial_shops, shop, shop
D:3:      layout_loops_corners, nicolae_overflow_crystal_walls,
          lemuel_round_altar, goddamned_bats
D:4:      layout_basic
D:5:      layout_loops_ring, lemuel_doored_altar, gup_sewer_entry_pipe,
          serial_bayou_ford_a, uniq_blork_the_orc, uniq_crazy_yiuf_cottage,
          uniq_menkaure
D:6:      layout_cave_pools, minmay_temple_entry_waves, nrook_mini_vaults
D:7:      layout_basic, old_standard_altar, minmay_statues_item,
          corexii_corridor_pit

Skill      XL: |  1  2  3  4  5  6  7  8  9 |
---------------+----------------------------+-----
Fighting       | 4 5 7 |  7.8
Dodging        | 2 |  2.0
Axes           | 3 4 5 6 |  6.0
Invocations    | 1 3 4 5 6 |  6.0
Evocations     | 3 4 |  4.0
Stealth        | |  6.0

Action                   |  1- 3 |  4- 6 |  7- 9 || total
-------------------------+-------+-------+-------++-------
Melee: Hand axe          |    85 |   255 |   222 ||   562
Invok: Heroism           |       |       |     4 ||     4
 Abil: Dig               |    16 |     1 |       ||    17
Evoke: Wand              |     2 |     3 |     3 ||     8
  Use: Scroll            |     1 |     8 |     5 ||    14
       Potion            |       |       |     3 ||     3
 Stab: Sleeping          |     3 |     9 |     5 ||    17
Armor: Ring mail         |    35 |   127 |    75 ||   237
Dodge: Dodged            |    41 |   193 |   136 ||   370
